 Dungeon Crawl Stone Soup version 0.30-a0-4-ga7cffc901d (webtiles) character file.

Game seed: 11443765303427358441

234158 Flugkiller the Tortoise (level 18, -6/270 HPs)
             Began as a Minotaur Fighter on Aug 21, 2022.
             Was an Initiate of Gozag.
             Mangled by a juggernaut (31 damage)
             ... on level 4 of the Abyss.
             The game lasted 00:21:18 (39954 turns).

Flugkiller the Tortoise (Minotaur Fighter)         Turns: 39954, Time: 00:21:19

Health: -6/270     AC: 34    Str: 22    XL:     18   Next: 43%
Magic:  0/17       EV: 13    Int:  4    God:    Gozag
Gold:   6249       SH: 15    Dex: 17    Spells: 17/17 levels left

rFire   . . .      SeeInvis .    a - +8 mithril axe "Arga" {speed, Will+}
rCold   . . .      Faith    .    Q - +2 kite shield
rNeg    + . .      Spirit   +    F - +3 plate armour {rPois}
rPois   +          Reflect  .    (helmet restricted)
rElec   .          Harm     .    E - +2 ratskin cloak {*Rats rPois rN+ Str-1 Int-1 Dex+1}
rCorr   .          Rampage  .    O - +2 pair of gloves
Will    ++...                    S - +2 pair of boots
Stlth   ..........               L - amulet of guardian spirit
HPRegen 0.55/turn                B - ring of flight
MPRegen 0.15/turn                j - +4 ring of slaying

@: berserking, flying, very quick
A: horns 2, retaliatory headbutt
}: 2/15 runes: decaying, serpentine
a: Renounce Religion, Potion Petition, Call Merchant, Bribe Branch


You were on level 4 of the Abyss.
You worshipped Gozag.
Gozag was greatly pleased with you.
You visited 7 branches of the dungeon, and saw 32 of its levels.
You visited the Abyss 1 time.

You collected 12460 gold pieces.
You spent 2569 gold pieces at shops.
You paid 3642 gold pieces to Gozag.

Inventory:

Hand Weapons
 a - the +8 mithril axe "Arga" (weapon) {speed, Will+}
   (You bought it in a shop on level 1 of the Orcish Mines)

   Attacks with this weapon are significantly faster.
   Will:      It increases your willpower.
 b - a +3 short sword of distortion
   (You took it off Duvessa on level 7 of the Dungeon)
 Y - the +6 war axe of Ikhlakole {vorpal, rF+}
   (You found it on level 12 of the Dungeon)

   It inflicts extra damage upon your enemies.
   rF:        It protects you from fire.
Missiles
 g - 3 silver javelins
 A - 13 javelins (quivered)
 N - 4 throwing nets
Armour
 E - the +2 ratskin cloak (worn) {*Rats rPois rN+ Str-1 Int-1 Dex+1}
   (You found it on level 5 of the Dungeon)

   When the wearer is hurt, rats may emerge from it to assist them.
   Str:       It affects your strength (-1).
   Int:       It affects your intelligence (-1).
   Dex:       It affects your dexterity (+1).
   rPois:     It protects you from poison.
   rN:        It protects you from negative energy.
 F - a +3 plate armour of poison resistance (worn)
   (You bought it in a shop on level 1 of the Snake Pit)
 O - a +2 pair of gloves (worn)
   (You found it on level 7 of the Dungeon)
 Q - a +2 kite shield (worn)
   (You took it off Duvessa on level 7 of the Dungeon)
 S - a +2 pair of boots (worn)
   (You found it on level 10 of the Dungeon)
Jewellery
 c - a ring of protection from cold
   (You found it on level 9 of the Dungeon)
 f - a ring of protection from fire
   (You found it on level 8 of the Dungeon)
 j - a +4 ring of slaying (right hand)
   (You took it off a kobold brigand on level 8 of the Dungeon)
 k - a ring of resist corrosion
   (You found it on level 1 of the Snake Pit)
 o - a ring of poison resistance
   (You found it on level 2 of the Dungeon)
 v - a +4 ring of evasion
   (You found it on level 1 of the Dungeon)
 B - a ring of flight (left hand)
   (You found it on level 5 of the Dungeon)
 L - an amulet of guardian spirit (around neck)
   (You found it on level 1 of the Snake Pit)
 Z - a +4 ring of evasion
   (You found it on level 13 of the Dungeon)
Wands
 G - a wand of acid (3)
   (You found it on level 8 of the Dungeon)
 I - a wand of mindburst (17)
   (You found it on level 8 of the Dungeon)
 P - a wand of charming (34)
   (You found it on level 1 of the Lair of Beasts)
 R - a wand of iceblast (22)
   (You found it on level 9 of the Dungeon)
Scrolls
 e - 7 scrolls of enchant armour
 i - 7 scrolls of butterflies
 l - 8 scrolls of magic mapping
 r - 3 scrolls of identify
 t - 14 scrolls of teleportation
 y - 4 scrolls of vulnerability
 z - 3 scrolls of blinking
 J - 2 scrolls of immolation
 T - 5 scrolls of fear
 V - a scroll of silence
 W - a scroll of summoning
 X - 4 scrolls of poison
Potions
 d - 4 potions of might
 h - 8 potions of haste
 m - 4 potions of berserk rage
 n - 4 potions of resistance
 p - 3 potions of ambrosia
 q - 9 potions of curing
 s - a potion of magic {unknown}
 u - 4 potions of invisibility
 w - 6 potions of heal wounds
 x - 13 potions of flight
 D - 5 potions of mutation {unknown}
 H - 5 potions of attraction {unknown}
 K - a potion of experience {unknown}
 M - 5 potions of lignification {unknown}
 U - 3 potions of cancellation {unknown}
Miscellaneous
 C - a tin of tremorstones (inert)
   (You found it on level 4 of the Snake Pit)


   Skills:
 + Level 20.6 Fighting
 + Level 16.6 Axes
 - Level 10.0 Throwing
 - Level 20.6 Armour
 - Level 13.0 Dodging
 + Level 14.1 Shields
 + Level 6.2 Evocations


You had 17 spell levels left.
You didn't know any spells.
Your spell library was empty.

Dungeon Overview and Level Annotations

Branches:
Dungeon (15/15)            Temple (1/1) D:6            Lair (5/5) D:11
  Swamp (4/4) Lair:3        Snake (4/4) Lair:2        Slime (0/5) Lair:5
    Orc (2/2) D:12            Elf (0/3) Orc:2        Vaults (0/5) D:14
 Depths (1/4) D:15

Altars:
Ashenzari
Cheibriados
Dithmenos
Elyvilon
Fedhas
Gozag
Hepliaklqana
Kikubaaqudgha
Makhleb
Okawaru
Qazlal
Ru
Sif Muna
Trog
Vehumet
Wu Jian
Xom
Yredelemnul
Zin
The Shining One
Jiyva

Shops:
D:2 ![!!   Orc:1 (*   Orc:2 (((=   Snake:1 [*

Portals:
Abyss: Orc:2
Trove: D:15 (show slimy rune of Zot)

Annotations:
D:9 3 runed translucent doors, Zgarb's ghost, novice DgIE
D:15 Roxanne
Lair:2 3 runed translucent doors, Wahll's ghost, journeyman MeWn
Lair:4 exclusion: oklob plant
Swamp:2 1 runed translucent door, Udahoi's ghost, adept MiFi
Snake:1 3 runed translucent doors, exclusion: obsidian statue, Igoh's ghost, adept DEFE
Orc:2 2 transporters, t4s4d4r's ghost, journeyman DgFi


Innate Abilities, Weirdness & Mutations

You have a pair of horns on your head.
You reflexively headbutt those who attack you in melee.


Message History

The cherub is moderately wounded.
The cherub shoots an arrow.
The arrow hits you but does no damage. The cherub hits you but does no damage.
The cherub completely misses you.
You feel much better. The cherub hits you but does no damage.
The cherub bites you but does no damage.
You slash the cherub!
The cherub is heavily wounded.
You hit the cherub. You slash the cherub!
The cherub is severely wounded.
You slash the cherub!
The cherub unwields a +0 shortbow.
The cherub wields a +4 long sword of flaming.
It bursts into flame!
The cherub hits you with a +4 long sword of flaming.
The cherub burns you.
The cherub bites you but does no damage.
You block the cherub's attack.
The cherub gores you but does no damage.
You slice the cherub!!
The cherub is almost dead.
You hit the cherub but do no damage. You block the cherub's attack.
The cherub hits you but does no damage. x2; The cherub bites you!
You are too injured to fight recklessly!
You miss the cherub.
The cherub is almost dead.
You slash the cherub!
You are too injured to fight recklessly!
You are too injured to fight recklessly!
You hit the cherub.
You kill the cherub!
You closely miss the cherub. You block the cherub's attack.
The cherub hits you but does no damage. You block the cherub's attack. x2
Items here: $ )) [.
You slice the cherub!!
You headbutt the cherub, but do no damage.
The cherub is severely wounded.
You closely miss the cherub.
The cherub is severely wounded.
The cherub hits you but does no damage. You block the cherub's attack.
You slice the cherub!!
You kill the cherub!
You now have 6619 gold pieces (gained 4).
Things that are here:
a +4 long sword of flaming; a +0 shortbow; a +0 robe
Things that are here:
a +4 long sword of flaming; a +0 shortbow; a +0 robe You now have 6626 gold pieces (gained 7).
Things that are here:
a +1 scimitar of flaming; a +0 shortbow; a +0 robe You start resting.
Magic restored.
Unknown command.
You reach down and open the door.
A juggernaut comes into view.
The juggernaut shouts!
The juggernaut hits you!!!
* * * LOW HITPOINT WARNING * * *
A river rat scurries out from under your cloak.
The juggernaut hits you but does no damage.
Found an abyssal rune of Zot.
You swap places.
Your river rat bites the juggernaut but does no damage. [a] - 377 gold - heal wounds, curing and berserk rage [b] - 575 gold - brilliance, magic, heal wounds, curing and berserk rage [c] - 675 gold - haste, brilliance, heal wounds, curing and berserk rage Purchase which effect?
You feel much better.
You feel better.
A red film seems to cover your vision as you go berserk!
You feel yourself moving faster!
You feel mighty!
Your river rat bites the juggernaut.
You feel a strong urge to attack something.
You hit the juggernaut but do no damage.
You headbutt the juggernaut.
The juggernaut is lightly wounded.
The juggernaut hits you!!!
* * * LOW HITPOINT WARNING * * *
The juggernaut hits you!!
* * * LOW HITPOINT WARNING * * *
You slice the juggernaut!! You headbutt the juggernaut.
The juggernaut is lightly wounded.
Your river rat bites the juggernaut but does no damage.
You slash the juggernaut!
The juggernaut is moderately wounded.
You barely miss the juggernaut.
The juggernaut is moderately wounded.
Your river rat barely misses the juggernaut.
You slash the juggernaut!
You headbutt the juggernaut, but do no damage.
The juggernaut is moderately wounded.
You hit the juggernaut but do no damage.
The juggernaut is moderately wounded.
Your river rat bites the juggernaut but does no damage.
You slice the juggernaut!!
The juggernaut is heavily wounded.
You slice the juggernaut!!
The juggernaut is severely wounded.
The juggernaut hits you!!
You die...
Your body crumbles into a pile of gold.

###### # # ##
##....#
..###...@####
⌠
._.⌠'⌠..)rC.φ#
$r #
...###..).####
# .# ##.... .⌠
⌠ ###### . # .
~ # #


You could see a juggernaut (ally target) and a friendly river rat.

Vanquished Creatures
  Saint Roka (Snake:3)
  the Lernaean hydra (Swamp:4)
  Vashnia (Snake:2)
  A tentacled monstrosity (Swamp:4)
  Rupert (D:14)
  Asterion (Snake:3)
  Kirke (D:15)
  Agnes (D:14)
  7 nagarajas
  An iron dragon (D:12)
  An angel (Abyss:4)
  2 ophanim (Abyss:4)
  Nessos (D:14)
  An eleionoma (Swamp:4)
  6 bunyips
  Snorg (D:14)
  A fire dragon (D:15)
  A great orb of eyes (Abyss:4)
  Erolcha (D:9)
  3 boulder beetles
  A vault guard (D:14)
  4 salamander tyrants
  An ice dragon (D:15)
  20 hydras
  5 ogre magi
  A ghost crab (Swamp:4)
  A merfolk avatar (Lair:5)
  Harold (D:10)
  13 anacondas
  2 dancing weapons (Abyss:4)
  2 catoblepae
  21 naga warriors
  5 centaur warriors
  22 two-headed ogres
  An alligator (Swamp:1)
  A tengu warrior (D:13)
  4 death yaks
  13 naga sharpshooters
  6 shock serpents
  Nergalle (D:11)
  Amaemon (Lair:1)
  6 salamander mystics
  A goliath frog (Swamp:1)
  2 cherubim (Abyss:4)
  A sea snake (Lair:5)
  2 large abominations (Abyss:4)
  9 swamp dragons
  13 bog bodies
  9 naga ritualists
  A phantasmal warrior (D:12)
  A harpy (Lair:5)
  2 orc knights
  A deep elf pyromancer (D:9)
  4 cyclopes
  7 ugly things
  3 orc sorcerers
  6 mana vipers
  5 manticores
  A will-o-the-wisp (Swamp:3)
  34 black mambas
  17 elephants
  23 salamanders
  2 torpor snails
  Maurice (D:10)
  10 guardian serpents
  15 naga magi
  6 rime drakes
  19 cane toads
  2 gargoyles
  An orange demon (Lair:1)
  10 komodo dragons
  4 polar bears
  3 wind drakes (Lair:5)
  A meliai (shapeshifter) (D:15)
  10 hornets
  5 tyrant leeches
  12 trolls
  29 blink frogs
  Prince Ribbit (D:7)
  A centaur simulacrum (D:14)
  3 shadows
  3 wraiths
  51 yaks
  3 wyverns
  7 spriggans
  3 basilisks
  3 hogs (D:15)
  Grum (D:10)
  3 steam dragons
  3 vampire mosquitoes (D:11)
  6 wargs
  Menkaure (D:5)
  11 swamp worms
  An acid dragon (D:12)
  40 nagas
  10 swamp drakes
  16 orc warriors
  Duvessa (D:7)
  2 ice beasts
  18 water moccasins
  33 ogres
  2 black bears
  3 boggarts (D:14)
  8 centaurs
  5 wolves
  6 kobold brigands
  12 bullfrogs
  3 necrophages
  2 gnoll sergeants
  2 scorpions
  15 wights
  A hornet simulacrum (D:15)
  15 killer bees
  3 howler monkeys
  2 jellies
  12 orc priests
  A hound (D:6)
  7 iguanas
  20 orc wizards
  8 hell rats (D:5)
  21 gnolls
  10 adders
  24 river rats (D:5)
  2 shadow imps
  2 white imps
  2 worms (D:2)
  50 orcs
  8 endoplasms
  7 giant cockroaches
  11 goblins
  5 hobgoblins
  4 jackals (D:3)
  49 kobolds
  2 quokkas
  8 ball pythons
  5 bats
  6 frilled lizards
  6 rats
  A spectral orc (D:5)
  2 butterflies (D:6)
1011 creatures vanquished.

Vanquished Creatures (collateral kills)
  A two-headed ogre (D:9)
  A salamander (Snake:2)
  A tengu conjurer (D:13)
  A blink frog (Lair:1)
  A wyvern (D:8)
  3 yaks
  An acid dragon (D:8)
  An orc warrior (Orc:2)
  An ice beast (D:8)
  A wolf (D:10)
  A bullfrog (D:6)
  Dowan (D:7)
  An orc priest (Orc:2)
  2 orcs (Orc:2)
17 creatures vanquished.

Vanquished Creatures (others)
  An alligator (Swamp:4)
  2 humans (D:15)
  A boggart (D:14)
  2 orc wizards
  2 foxfires (Swamp:3)
  21 fungi
  A lurking horror (Abyss:4)
  85 plants
115 creatures vanquished.

Grand Total: 1143 creatures vanquished

Notes
Turn   | Place    | Note
-------+----------+-------------------------------------------
     0 | D:1      | Flugkiller the Minotaur Fighter began the quest for the
                  | Orb.
     0 | D:1      | Reached XP level 1. HP: 19/19 MP: 0/0
   149 | D:1      | Reached XP level 2. HP: 27/27 MP: 1/1
   308 | D:1      | Reached XP level 3. HP: 31/33 MP: 2/2
   893 | D:2      | Reached XP level 4. HP: 41/41 MP: 3/3
   936 | D:2      | Found Obehafei's Distillery.
   948 | D:2      | Bought a potion of curing for 39 gold pieces
  1127 | D:2      | Found Osimatuu's Distillery.
  1130 | D:2      | Bought a potion of heal wounds for 50 gold pieces
  1146 | D:2      | Found Ubuip's Distillery.
  1149 | D:2      | Found Liodd's Armour Emporium.
  1668 | D:3      | Reached XP level 5. HP: 47/47 MP: 4/4
  2441 | D:4      | Reached skill level 5 in Axes
  2576 | D:4      | Reached skill level 5 in Fighting
  2576 | D:4      | Reached skill level 5 in Armour
  2678 | D:4      | Reached XP level 6. HP: 56/56 MP: 5/5
  3082 | D:4      | Found a shadowy altar of Dithmenos.
  3359 | D:5      | Entered Level 5 of the Dungeon
  3385 | D:5      | Noticed Menkaure
  3563 | D:5      | Killed Menkaure
  3564 | D:5      | Reached XP level 7. HP: 11/62 MP: 6/6
  3827 | D:5      | Found a basalt altar of Yredelemnul.
  4301 | D:5      | Reached XP level 8. HP: 13/71 MP: 7/7
  4607 | D:5      | Found the +2 ratskin cloak {*Rats rPois rN+ Str-1 Int-1
                  | Dex+1}
  5240 | D:6      | Found a staircase to the Ecumenical Temple.
  5506 | D:6      | Reached skill level 10 in Axes
  5566 | Temple   | Entered the Ecumenical Temple
  5717 | Temple   | Became a worshipper of Gozag Ym Sagoz the Greedy
  5767 | D:6      | Reached XP level 9. HP: 72/81 MP: 8/8
  6524 | D:7      | Noticed Prince Ribbit
  6554 | D:7      | Killed Prince Ribbit
  6784 | D:7      | Noticed Dowan
  6800 | D:7      | Killed Dowan
  6810 | D:7      | Noticed Duvessa
  7030 | D:7      | Found a hazy altar of Hepliaklqana.
  7741 | D:8      | HP: 3/83 [acid dragon/splash of acid (28)]
  7743 | D:8      | Reached XP level 10. HP: 26/91 MP: 9/9
  7744 | D:8      | HP: 1/91 [wyvern (11)]
  8177 | D:8      | Found a broken altar of Ashenzari.
  8324 | D:8      | Reached skill level 1 in Throwing
  8352 | D:8      | Reached skill level 1 in Evocations
  9278 | D:9      | Noticed Erolcha
  9286 | D:9      | Killed Erolcha
  9427 | D:9      | Noticed a deep elf pyromancer
  9438 | D:9      | Killed a deep elf pyromancer
  9439 | D:9      | Reached skill level 5 in Throwing
  9499 | D:9      | Noticed a two-headed ogre
  9507 | D:9      | Killed a two-headed ogre
  9508 | D:9      | Reached skill level 5 in Evocations
  9549 | D:9      | Noticed a centaur warrior
  9549 | D:9      | Noticed a cyclops
  9562 | D:9      | Killed a cyclops
  9563 | D:9      | Reached XP level 11. HP: 35/97 MP: 10/10
  9566 | D:9      | Killed a centaur warrior
  9877 | D:9      | Found a runed translucent gate.
  9879 | D:9      | Found a runed translucent gate.
  9880 | D:9      | Found a runed translucent gate.
  9880 | D:9      | Noticed Zgarb's ghost (novice DgIE)
 10056 | D:9      | Noticed a two-headed ogre
 10069 | D:9      | Killed a two-headed ogre
 11242 | D:7      | Killed Duvessa
 11425 | D:9      | Noticed a boulder beetle
 11436 | D:9      | Killed a boulder beetle
 11806 | D:9      | Found a viscous altar of Jiyva.
 11827 | D:10     | Entered Level 10 of the Dungeon
 11866 | D:10     | Noticed Grum
 11872 | D:10     | Killed Grum
 12159 | D:10     | Reached skill level 10 in Throwing
 12407 | D:10     | Noticed Maurice
 12421 | D:10     | Killed Maurice
 12422 | D:10     | Reached skill level 1 in Dodging
 12484 | D:10     | Noticed Harold
 12498 | D:10     | Killed Harold
 12735 | D:10     | Reached skill level 10 in Armour
 12739 | D:10     | Reached skill level 10 in Fighting
 12942 | D:10     | Reached XP level 12. HP: 94/106 MP: 11/11
 13202 | D:11     | Noticed Nergalle
 13209 | D:11     | Killed Nergalle
 13685 | D:11     | Noticed a boulder beetle
 13687 | D:11     | Found a staircase to the Lair.
 13692 | D:11     | Killed a boulder beetle
 14059 | Lair:1   | Entered Level 1 of the Lair of Beasts
 14059 | Lair:1   | Noticed Amaemon
 14070 | Lair:1   | Killed Amaemon
 14075 | Lair:1   | Reached skill level 5 in Dodging
 16259 | Lair:2   | Noticed an eight-headed hydra
 16268 | Lair:2   | Killed a nine-headed hydra
 16269 | Lair:2   | Reached XP level 13. HP: 98/117 MP: 12/12
 16428 | Lair:2   | Found a runed translucent gate.
 16428 | Lair:2   | Found a runed translucent gate.
 16470 | Lair:2   | Found a staircase to the Snake Pit.
 16538 | Lair:2   | Found a runed translucent gate.
 17382 | Lair:2   | Noticed Wahll's ghost (journeyman MeWn)
 17785 | Lair:3   | Found a staircase to the Swamp.
 17891 | Lair:3   | Reached skill level 15 in Axes
 19804 | Lair:4   | Reached XP level 14. HP: 129/129 MP: 13/13
 20130 | Lair:5   | Entered Level 5 of the Lair of Beasts
 21357 | Lair:5   | Reached skill level 10 in Dodging
 21914 | Lair:5   | Found a viscous altar of Jiyva.
 21915 | Lair:5   | Found a staircase to the Slime Pits.
 22144 | D:12     | Found a burning altar of Makhleb.
 22502 | D:12     | Identified the +6 war axe of Ikhlakole {vorpal, rF+}
 22564 | D:12     | Found a staircase to the Orcish Mines.
 23205 | D:12     | Noticed an iron dragon
 23220 | D:12     | Killed an iron dragon
 23221 | D:12     | Reached skill level 5 in Shields
 24885 | D:14     | Noticed Nessos
 24901 | D:14     | Killed Nessos
 25237 | D:14     | Reached XP level 15. HP: 106/139 MP: 14/14
 25360 | D:14     | Noticed Agnes
 25360 | D:14     | Noticed Rupert
 25375 | D:14     | Killed Agnes
 25381 | D:14     | Killed Rupert
 25825 | D:14     | Reached skill level 10 in Shields
 26008 | D:14     | Found a gate to the Vaults.
 26235 | D:14     | Identified the +6 scale mail "Tutzahid" {rN+ MP+9 Int+4
                  | Slay+3}
 26261 | D:14     | Noticed Snorg
 26269 | D:14     | Killed Snorg
 26568 | D:15     | Entered Level 15 of the Dungeon
 26568 | D:15     | Noticed Kirke
 26579 | D:15     | Noticed a sphinx
 26587 | D:15     | Noticed a sphinx
 26587 | D:15     | Killed Kirke
 26809 | D:15     | Identified Roxanne's Collected Works on the Lithosphere
 26809 | D:15     | Noticed Roxanne
 26987 | D:15     | Found a staircase to the Depths.
 27351 | D:15     | Reached skill level 15 in Armour
 27366 | D:15     | Reached skill level 15 in Fighting
 27479 | D:15     | Found a portal to a secret trove of treasure.
 27967 | Orc:1    | Entered Level 1 of the Orcish Mines
 28172 | Orc:1    | Found Demecud's Antique Weapon Boutique.
 28189 | Orc:1    | Found Sesurgh's General Store.
 28242 | Orc:1    | Bought a scroll of teleportation for 42 gold pieces
 28247 | Orc:1    | Bought the +8 mithril axe "Arga" {speed, Will+} for 1808
                  | gold pieces
 28247 | Orc:1    | Found the +8 mithril axe "Arga" {speed, Will+}
 28485 | Orc:2    | Entered Level 2 of the Orcish Mines
 28593 | Orc:2    | Found Lujenauch's Weapon Shop.
 28593 | Orc:2    | Found Lihuyr's Weapon Shoppe.
 28598 | Orc:2    | Found Viciuble's Antique Weapon Shoppe.
 28598 | Orc:2    | Found Vuim's Jewellery Boutique.
 28951 | Orc:2    | Found a transporter.
 29039 | Orc:2    | Found a staircase to the Elven Halls.
 29308 | Orc:2    | Found a transporter.
 29310 | Orc:2    | Noticed t4s4d4r's ghost (journeyman DgFi)
 29318 | Orc:2    | Noticed an orc warlord
 29416 | Orc:2    | Found a one-way gate to the infinite horrors of the Abyss.
 29617 | Snake:1  | Entered Level 1 of the Snake Pit
 29617 | Snake:1  | Found a runed translucent gate.
 29617 | Snake:1  | Found a runed translucent gate.
 29617 | Snake:1  | Found an opulent altar of Gozag.
 29617 | Snake:1  | Found a runed translucent gate.
 29617 | Snake:1  | Found Popa's Assorted Antiques.
 29619 | Snake:1  | Noticed Igoh's ghost (adept DEFE)
 29641 | Snake:1  | Bought a +3 plate armour of poison resistance for 630 gold
                  | pieces
 29668 | Snake:1  | Found a radiant altar of Vehumet.
 29831 | Snake:1  | Reached XP level 16. HP: 150/151 MP: 15/15
 30932 | Snake:1  | Found the +3 salamander hide armour {Flames rF++ rC--}
 31735 | Snake:2  | Noticed Vashnia
 31767 | Snake:2  | Killed Vashnia
 32411 | Snake:2  | Identified the +4 war axe of Xom's Pride {antimagic, rF+}
 32518 | Snake:3  | Noticed Asterion
 32523 | Snake:3  | Noticed Saint Roka
 32533 | Snake:3  | Killed Asterion
 32556 | Snake:3  | Killed Saint Roka
 33671 | Snake:4  | Entered Level 4 of the Snake Pit
 33830 | Snake:4  | Reached XP level 17. HP: 153/161 MP: 14/16
 36675 | Snake:4  | Got a serpentine rune of Zot
 36856 | Swamp:1  | Entered Level 1 of the Swamp
 37560 | Swamp:2  | Found a runed translucent door.
 37560 | Swamp:2  | Found a shimmering altar of Xom.
 37560 | Swamp:2  | Noticed Udahoi's ghost (adept MiFi)
 37833 | Swamp:4  | Entered Level 4 of the Swamp
 37849 | Swamp:4  | Noticed a tentacled monstrosity
 37852 | Swamp:4  | Reached XP level 18. HP: 155/178 MP: 15/17
 37862 | Swamp:4  | Killed a tentacled monstrosity
 38781 | Swamp:4  | Noticed the 27-headed Lernaean hydra
 38792 | Swamp:4  | Killed the 26-headed Lernaean hydra
 39178 | Swamp:4  | Got a decaying rune of Zot
 39631 | Depths:1 | Entered Level 1 of the Depths
 39643 | Abyss:3  | Cast into level 3 of the Abyss (unwielding a weapon of
                  | distortion)
 39720 | Abyss:4  | Found a stormy altar of Qazlal.
 39766 | Abyss:4  | Found a stormy altar of Qazlal.
 39810 | Abyss:4  | Found a glowing golden altar of the Shining One.
 39943 | Abyss:4  | Noticed a juggernaut
 39954 | Abyss:4  | Mangled by a juggernaut

Illustrated notes

Levels and vault maps discovered:
D:1:      dpeg_arrival_prison, layout_rooms, serial_bayou_lagoon_a,
          dreamdust_wishing_well, nicolae_concentric_dashed_squares_mild
D:2:      layout_basic, serial_shops, nicolae_shop_behind_doors, shop_statue,
          shop, shop_statue, minmay_distorted
D:3:      layout_basic
D:4:      kennysheep_kobold_camp, layout_basic,
          nicolae_dithmenos_through_a_glass_darkly, minmay_quantized
D:5:      wander_guarded_unrand_ratskin, layout_rooms,
          yredelemnul_forgotten_temple_becter, kennysheep_generic_room_10,
          uniq_menkaure
D:6:      layout_gridville, minmay_temple_entry_hall, kennysheep_diamond,
          hangedman_glass_garden, nicolae_fountain_basement
D:7:      layout_basic, old_standard_altar, uniq_duvessa, uniq_prince_ribbit1
D:8:      cheibrodos_helix_gallery, layout_cave_pools,
          ashenzari_conservatory_becter
D:9:      layout_irregular_city, gammafunk_ghost_ooze, small_statue_alley_b,
          minmay_shattered_shrine, uniq_erolcha
D:10:     layout_cave_pools, grunt_ministairs_8, uniq_harold, uniq_maurice,
          uniq_grum
D:11:     layout_basic, erik_lair_orcish_takeover, uniq_nergalle
D:12:     minmay_mutant_horseshoe, layout_layer_cave, david_orc_3,
          bloody_makhleb
D:13:     layout_roguey, nicolae_figureground_sparkle
D:14:     layout_basic, david_vaults_5, amcnicky_mini_pool_small, uniq_agnes,
          uniq_nessos, uniq_snorg, uniq_rupert
D:15:     grunt_enter_depths_hoard, layout_basic, nicolae_trove_entry_diagonal,
          hangedman_decor_opposing, uniq_roxanne, uniq_kirke
Temple:   regret_index_temple_mists
Lair:1:   layout_cave_pods, infiniplex_staircase_pool_2, uniq_amaemon
Lair:2:   nzn_winding_woodlands_large [nzn_winding_woodlands_5x5_closed_star,
          nzn_winding_woodlands_5x15_garden,
          nzn_winding_woodlands_5x5_open_star,
          nzn_winding_woodlands_center_pierced_h,
          nzn_winding_woodlands_15x15_killbox,
          nzn_winding_woodlands_center_diamonds,
          nzn_winding_woodlands_5x5_perimeter,
          nzn_winding_woodlands_5x15_jagged, nzn_winding_woodlands_5x5_cross],
          layout_cave_pods, minmay_snake_entry_guardpost_small,
          ebering_ghost_rock_garden, minivault_27
Lair:3:   layout_layer_cave, minmay_swamp_entry_reptiles
Lair:4:   layout_cave_pods, minmay_lair_oklob_bushes
Lair:5:   gammafunk_lair_ancient_temple, layout_concentric_octagons,
          dpeg_slime_entry_enclosed, chequers_serial_rivers_room_a
Swamp:1:  layout_basic_swamp, serial_swamp_ruin, evilmike_swamp_ruin_wall,
          evilmike_swamp_ruin_house_4, evilmike_swamp_ruin_house_5,
          infiniplex_staircase_pool
Swamp:2:  nicolae_swamp_ascending_descending_big, layout_basic_swamp,
          ebering_ghost_xom, evilmike_swamp_ruin_house_2
Swamp:3:  layout_basic_swamp, evilmike_swamp_ruin_rubble_1
Swamp:4:  grunt_swamp_rune_castle, layout_basic_swamp
Snake:1:  layout_grid_maze, ebering_ghost_gozag, basic_altar,
          hellmonk_guarded_unrand_salamander
Snake:2:  layout_rooms, uniq_vashnia
Snake:3:  layout_cave_shapes, uniq_saint_roka, uniq_asterion
Snake:4:  grunt_snake_rune_serpentine_throne, layout_layer_cave
Orc:1:    layout_caves, serial_shops, shop_coins, shop, mines1_david
Orc:2:    st_orc_ogre_mass, layout_caves, gammafunk_ghost_abyssal_escape,
          nicolae_orc_bridge_out
Depths:1: hangedman_screamer, layout_gridlike, chequers_serial_rivers_marsh,
          abyss_entry_small_statue_room, hellmouth_3, minmay_misc_feat_rows,
          minmay_shop_grid_forest, okawaru_trees_2, uniq_mara
Abyss:4:  base: Lair:2, hangedman_stitches_earthworm, evilmike_abyss_exit_4,
          evilmike_abyss_rune_tso_outpost

Skill      XL: |  1  2  3  4  5  6  7  8  9 10 11 12 13 14 15 16 17 18 |
---------------+-------------------------------------------------------+-----
Axes           | 3 4 5 6 8 10 12 14 15 16 | 16.6
Fighting       | 4 5 6 7 9 10 11 13 14 15 17 19 20 | 20.6
Armour         | 4 5 6 8 9 10 12 13 14 15 17 19 20 | 20.6
Throwing       | 6 10 | 10.0
Evocations     | 5 6 |  6.2
Dodging        | 2 6 8 10 11 13 | 13.0
Shields        | 8 11 13 14 | 14.1

Action                   |  1- 3 |  4- 6 |  7- 9 | 10-12 | 13-15 | 16-18 || total
-------------------------+-------+-------+-------+-------+-------+-------++-------
Melee: War axe           |    71 |   150 |   293 |   163 |   138 |       ||   815
       Headbutt          |     7 |    28 |    51 |    89 |   220 |   307 ||   702
       Battleaxe         |       |       |       |   234 |   560 |       ||   794
       Broad axe         |       |       |       |       |   155 |  1038 ||  1193
Throw: Javelin           |       |       |       |     8 |     9 |       ||    17
Invok: Potion Petition   |       |       |     1 |       |     1 |     5 ||     7
       Call Merchant     |       |       |       |       |     1 |       ||     1
Evoke: Wand              |       |       |       |     1 |       |       ||     1
       Tin of tremorston |       |       |       |       |       |     2 ||     2
  Use: Potion            |       |       |     5 |       |     2 |     4 ||    11
       Scroll            |       |       |     4 |     8 |     7 |     6 ||    25
 Stab: Distracted        |       |       |     3 |     4 |     9 |     9 ||    25
       Invisible         |       |       |       |       |       |    22 ||    22
Armor: Scale mail        |    36 |    51 |   129 |   123 |       |       ||   339
       Plate armour      |       |       |       |    45 |   504 |   510 ||  1059
Dodge: Dodged            |    44 |    92 |   179 |   279 |   535 |   380 ||  1509
Block: Buckler           |    14 |    36 |    69 |    24 |       |       ||   143
       Kite shield       |       |       |       |       |   122 |   628 ||   750

Table legend: (Time is in decaauts)
 A = Elapsed time spent in this place.
 B = Non-inter-level travel time spent in this place.
 C = Inter-level travel time spent in this place.
 D = Time resting spent in this place.
 E = Time spent auto-exploring this place.
 F = Levels seen in this place.
 G = Mean time per level.
                   A        B        C        D        E       F      G
               +--------+--------+--------+--------+--------+-----+--------+
         Total |  39626 |  37811 |   1815 |   7031 |  25604 |  34 | 1165.5 |
       Dungeon |  19953 |  19066 |    887 |   3719 |  12866 |  15 | 1330.2 |
        Temple |    197 |    176 |     21 |      0 |    152 |   1 |  197.0 |
          Lair |   8278 |   7795 |    483 |   1519 |   5312 |   5 | 1655.6 |
         Swamp |   2500 |   2373 |    127 |   1056 |    909 |   4 |  625.0 |
     Snake Pit |   6897 |   6659 |    238 |    417 |   5318 |   4 | 1724.2 |
  Orcish Mines |   1511 |   1455 |     56 |    225 |    992 |   2 |  755.5 |
        Depths |      1 |      1 |      0 |      0 |      0 |   1 |    1.0 |
         Abyss |    286 |    286 |      0 |     95 |     53 |   2 |  143.0 |
               +--------+--------+--------+--------+--------+-----+--------+

Top non-repeatable levels by time:
 Snake:4: 2922 daAuts
     D:9: 2510 daAuts
    D:14: 2128 daAuts
  Lair:2: 1978 daAuts
     D:7: 1895 daAuts
  Lair:3: 1724 daAuts
    D:12: 1670 daAuts
     D:5: 1643 daAuts
  Lair:1: 1569 daAuts
 Snake:1: 1550 daAuts
  Lair:4: 1514 daAuts
  Lair:5: 1490 daAuts
    D:15: 1358 daAuts
 Snake:2: 1295 daAuts
     D:8: 1190 daAuts
